AoeStats
← Codeblue

Coastal Forest

510680811Analyzed
4v4 RM · 12h ago on Oct 2, 2026· 22m 29s· 8 players
Game mode
Random Map
Map size
Large (8 player)
Population
200
Speed
Normal
Resources
Standard
Victory
Conquest
Starting age
Dark Age
Ending age
Imperial Age
RankedLock teamsTeams togetherTeam positionsShared explorationLock speedFull tech treeHidden civsTurbo modeCheats
Victory
Defeat
🇵🇪 Persians · Peru
1270
+14
🇨🇳 Chinese · China
1260
+15
🇵🇪 Cumans · Peru
1248
+15
🇲🇽 Ethiopians · Mexico
1231
+16
🇺🇸 Khmer · United States
1262
-16
🇺🇸 Spanish · United States
1221
-15
🇺🇸 Berbers · United States
1219
-15
🇺🇸 Maya · United States
1210
-14
Ratchet2krox
11:42 Feudal Age
11:35 Loom
15:24 Castle Age
14:09 Padded Archer Armor
14:50 Fletching
15:29 Crossbowman
16:26 Bodkin Arrow
22:25 Leather Archer Armor
Eiiisckhan
0:29 Loom
10:25 Feudal Age
11:17 Double-Bit Axe
12:32 Horse Collar
13:31 Bloodlines
16:17 Wheelbarrow
16:32 Forging
19:01 Scale Barding Armor
22:05 Castle Age
Peru_Rush
9:23 Feudal Age
11:21 Loom
18:32 Wheelbarrow
19:30 Town Watch
21:29 Scale Barding Armor
21:35 Forging
Peru_o_O
4:34 Loom
11:02 Feudal Age
15:09 Castle Age
13:40 Double-Bit Axe
14:02 Horse Collar
16:42 Bow Saw
21:58 Wheelbarrow
Cumstain
11:37 Feudal Age
10:36 Loom
12:08 Double-Bit Axe
16:19 Stone Mining
18:06 Gold Mining
WiilllChRisISTOXXIC
0:27 Loom
11:44 Feudal Age
13:22 Double-Bit Axe
16:22 Castle Age
14:13 Horse Collar
18:27 Elite Skirmisher
21:35 Fletching
Codeblue
11:35 Feudal Age
15:49 Castle Age
15:03 Double-Bit Axe
19:18 Loom
chicken
11:06 Feudal Age
14:23 Castle Age
12:10 Double-Bit Axe
12:32 Horse Collar
15:27 Bow Saw
16:32 Loom
17:24 Wheelbarrow
16:34 Loom
19:08 Heavy Plow
Connection lost

Rejoining the realm…

Still unreachable

The connection could not be restored.

Session expired

The server has moved on; the page needs a fresh start.